 Dungeon Crawl Stone Soup version 0.30.1-11-g7821555f0a (webtiles) character file.

Game seed: 2580467248542706731

42747 porpoise the Spear-Bearer (level 13, -19/111 HPs)
             Began as a Demonspawn Gladiator on Dec 23, 2023.
             Was an Elder of Nemelex Xobeh.
             Demolished by a very large slime creature (34 damage)
             ... on level 12 of the Dungeon.
             The game lasted 01:03:34 (20330 turns).

porpoise the Spear-Bearer (Demonspawn Gladiator)   Turns: 20330, Time: 01:03:34

Health: -19/111    AC: 18    Str: 19    XL:     13   Next: 87%
Magic:  23/23      EV: 15    Int: 10    God:    Nemelex Xobeh [****..]
Gold:   1239       SH:  0    Dex: 15    Spells: 12/12 levels left

rFire   . . .        b - +1 demon whip (venom)
rCold   + . .        (no shield)
rNeg    . . .        K - +1 steam dragon scales
rPois   .            c - +0 helmet
rElec   .            P - +0 cloak
rCorr   .            W - +0 pair of gloves
SInv    .            U - +0 pair of boots
Will    .....        (no amulet)
Stlth   +            Q - ring of protection from fire
HPRegen 0.38/turn    Y - ring "Xam Muiqug" {Ice Slay+6}
MPRegen 0.18/turn

%: no passive effects
@: mighty, sanguine armoured, studying Unarmed Combat
A: powered by pain 2, robust 1, spiny 1, sanguine armour 1, demonic touch 2
a: Renounce Religion, Draw Escape, Draw Destruction, Draw Summoning, Triple
Draw, Deal Four


You were on level 12 of the Dungeon.
You worshipped Nemelex Xobeh.
Nemelex Xobeh was greatly pleased with you.
You visited 3 branches of the dungeon, and saw 17 of its levels.
You also visited: Gauntlet.

You collected 1239 gold pieces.

Inventory:

Hand Weapons
 a - a +1 trident of flaming
 b - a +1 demon whip of venom (weapon)
Missiles
 g - 14 poisoned darts
 h - 14 boomerangs
 t - a curare-tipped dart (quivered)
Armour
 c - a +0 helmet (worn)
 K - +1 steam dragon scales (worn)
 P - a +0 cloak (worn)
 U - a +0 pair of boots (worn)
 W - a +0 pair of gloves (worn)
Jewellery
 o - a +6 ring of intelligence
 Q - a ring of protection from fire (left hand)
 Y - the ring "Xam Muiqug" (right hand) {Ice Slay+6}
   (You found it in a Gauntlet)

   [ring of ice]

   It enhances your ice magic.
   Slay:      It affects your accuracy & damage with ranged weapons and melee
   (+6).
   rF:        It makes you vulnerable to fire.
   rC:        It protects you from cold.
Wands
 e - a wand of flame (25)
 y - a wand of digging (5)
 F - a wand of roots (9)
 O - a wand of mindburst (2)
 V - a wand of charming (15)
Scrolls
 d - 6 scrolls of identify
 f - a scroll of magic mapping
 j - a scroll of vulnerability
 m - 2 scrolls of fog
 n - 6 scrolls of teleportation
 v - a scroll of silence
 x - a scroll of poison
Potions
 i - 2 potions of attraction
 k - a potion of haste
 l - a potion of resistance
 p - 2 potions of flight
 r - 6 potions of curing
 s - 2 potions of lignification
 u - 2 potions of might
 H - 6 potions of ambrosia
 L - a potion of cancellation
Miscellaneous
 q - a piece from Xom's chessboard (15/15)
 w - a phantom mirror
 M - a phial of floods
 X - a tin of tremorstones (2/2)


   Skills:
 - Level 9.0 Fighting
 * Level 7.0 Maces & Flails
 - Level 14.0 Polearms
 - Level 2.1 Throwing
 - Level 7.0 Armour
 + Level 6.5 Dodging
 - Level 14.0 Invocations
 - Level 5.0 Evocations


You had 12 spell levels left.
You didn't know any spells.
Your spell library contained the following spells:

 Spells                   Type           Power      Damage    Failure   Level
 Slow                     Hex            0%         N/A       36%         1
 Blink                    Tloc           0%         N/A       50%         2
 Call Canine Familiar     Summ           0%         N/A       75%         3
 Confusing Touch          Hex            0%         N/A       75%         3
 Dazzling Flash           Conj/Hex       0%         N/A       75%         3
 Hailstorm                Conj/Ice       0%         3d3       75%         3
 Ignite Poison            Fire/Tmut/Pois 0%         N/A       75%         3
 Portal Projectile        Hex/Tloc       0%         N/A       75%         3
 Summon Guardian Golem    Hex/Summ       0%         N/A       75%         3
 Vampiric Draining        Necr           0%         2d6       75%         3
 Volatile Blastmotes      Fire/Tloc      0%         2d10      75%         3
 Cause Fear               Hex            0%         N/A       98%         4
 Fulminant Prism          Conj/Hex       0%         3d5       98%         4
 Ice Form                 Ice/Tmut       0%         N/A       98%         4
 Iskenderun's Mystic Bla  Conj/Tloc      0%         2d3       98%         4
 Leda's Liquefaction      Hex/Erth       0%         N/A       98%         4
 Manifold Assault         Tloc           0%         N/A       98%         4
 Olgreb's Toxic Radiance  Pois           0%         N/A       98%         4
 Sticky Flame             Conj/Fire      0%         2d3       98%         4
 Blade Hands              Tmut           0%         N/A       100%        5
 Irradiate                Conj/Tmut      0%         3d11      100%        5
 Yara's Violent Unravell  Hex/Tmut       0%         3d3       100%        5
 Eringya's Noxious Bog    Tmut/Pois      0%         N/A       100%        6
 Simulacrum               Ice/Necr       0%         N/A       100%        6
 Starburst                Conj/Fire      0%         6d3       100%        6
 Dragon Form              Tmut           0%         N/A       100%        7
 Storm Form               Tmut/Air       0%         N/A       100%        7
 Discord                  Hex            0%         N/A       100%        8
 Ignition                 Fire           0%         3d3       100%        8
 Necromutation            Tmut/Necr      0%         N/A       100%        8


Dungeon Overview and Level Annotations

Branches:
Dungeon (12/15)            Temple (1/1) D:4            Lair (4/5) D:8
 Shoals (0/4) Lair:2        Snake (0/4) Lair:2        Slime (0/5) Lair:4
    Orc (0/2) D:10        Gauntlet (visited)

Altars:
Ashenzari
Cheibriados
Dithmenos
Fedhas
Gozag
Hepliaklqana
Kikubaaqudgha
Makhleb
Nemelex Xobeh
Okawaru
Qazlal
Ru
Sif Muna
Trog
Uskayaw
Vehumet
Wu Jian
Xom
Yredelemnul

Annotations:
D:4 3 runed translucent doors, Ardargoz's ghost, weakling MiBe


Innate Abilities, Weirdness & Mutations

You sometimes gain power by taking damage.
You are robust. (+10% HP)
You are partially covered in sharp spines.
When seriously injured, your blood forms armour. (AC +6)
Your touch may inflict irresistible damage on your foes.


Message History

Your +1 demon whip of venom stops dripping with poison.
Your +1 trident of flaming bursts into flame!
a - a +1 trident of flaming (weapon)
You closely miss the wraith. Your touch misses the wraith.
The very large slime creature seems to regain its courage.
The wraith hits you!
* * * LOW HITPOINT WARNING * * *
You impale the wraith!! You burn the wraith.
You touch the wraith!
The wraith is almost destroyed.
You puncture the wraith! You burn the wraith.
You destroy the wraith!
You barely miss the gargoyle. The gargoyle is struck by your spines.
The gargoyle hits you but does no damage.
Your +1 trident of flaming stops flaming.
Your +1 demon whip of venom begins to drip with poison!
b - a +1 demon whip of venom (weapon)
You whack the gargoyle!
The gargoyle is heavily damaged.
The gargoyle barely misses you.
You whack the gargoyle!
The gargoyle is almost destroyed.
The gargoyle hurls a stone arrow at you.
The stone arrow hits you!
* * * LOW HITPOINT WARNING * * *
You hit the gargoyle but do no damage.
The gargoyle is almost destroyed.
You whack the gargoyle!
You destroy the gargoyle!
The very large slime creature attacks as you move away!
The very large slime creature is struck by your spines.
The very large slime creature barely misses you.
The very large slime creature looks more healthy.
The very large slime creature attacks as you move away!
The very large slime creature is struck by your spines.
The very large slime creature closely misses you.
The very large slime creature attacks as you move away!
The very large slime creature is struck by your spines.
The very large slime creature hits you!!
You die...
Your body glows with a rainbow of weird colours and disappears.

.......### #.##
...9W..# #..# ###y####
##.# #.# #†## #.# #..#
###'#### ######.####
.......# #.........#
.......######.........#
.......')..##..J@..^..#
.......###............#
######## ####.........#
#.........# ###########


You could see a very large slime creature.

Vanquished Creatures
  Gastronok (Lair:3)
  A minotaur (Gauntlet)
  Harold (D:9)
  Erolcha (D:10)
  2 hydras
  A jorogumo (Lair:4)
  3 boulder beetles
  2 two-headed ogres
  Amaemon (Lair:3)
  A skyshark (Lair:2)
  Lodul (D:10)
  2 wizards (Gauntlet)
  2 oklob plants (Lair:1)
  An ugly thing (D:11)
  A salamander (Lair:2)
  4 black mambas
  6 elephants (Lair:1)
  Maurice (D:9)
  A guardian serpent (D:9)
  A torpor snail (Lair:1)
  2 gargoyles
  An unseen horror (D:9)
  An orange demon (Lair:3)
  6 rime drakes
  A kobold demonologist (D:11)
  2 komodo dragons
  4 cane toads
  Maggie (D:7)
  A queen bee (Lair:2)
  A polar bear (Lair:3)
  3 trolls
  2 hornets (Lair:4)
  Prince Ribbit (D:6)
  6 blink frogs
  2 slime creatures (D:12)
  A ynoxinul (Gauntlet)
  3 wraiths
  10 wyverns
  33 yaks
  4 basilisks
  3 vampire mosquitoes (D:12)
  A human (D:9)
  A neqoxec (Gauntlet)
  3 steam dragons
  3 chaos spawn (Gauntlet)
  4 wargs
  2 nagas (Lair:4)
  7 water moccasins
  A hell hound (Lair:4)
  9 orc warriors
  3 ice beasts
  3 sky beasts
  7 ogres
  4 wolves (Lair:1)
  10 centaurs
  4 phantoms
  4 kobold brigands
  7 bullfrogs
  A gnoll sergeant (D:9)
  4 scorpions
  2 water moccasin zombies (D:6)
  3 wights (D:8)
  20 killer bees
  A howler monkey (D:5)
  3 electric eels (Lair:1)
  5 lava snakes
  A centaur zombie (D:6)
  6 hounds
  15 jellies
  2 centaur skeletons (D:6)
  12 orc priests
  12 hell rats
  2 iron imps (Gauntlet)
  2 sleepcaps
  5 iguanas
  18 orc wizards
  A killer bee zombie (D:6)
  Robin (D:2)
  10 adders
  5 gnolls (D:9)
  3 shadow imps
  7 white imps
  An ufetubus (D:5)
  5 worms
  49 orcs
  2 endoplasms
  4 giant cockroaches
  22 goblins
  8 hobgoblins
  7 quokkas
  5 ball pythons
  9 bats
  3 frilled lizards
  19 kobolds
  5 rats
475 creatures vanquished.

Vanquished Creatures (collateral kills)
  A black mamba (D:9)
  An orc warrior (D:8)
  An orc (D:8)
3 creatures vanquished.

Vanquished Creatures (others)
  An iguana (D:6)
  2 orc wizards
  A ball python (D:4)
4 creatures vanquished.

Grand Total: 482 creatures vanquished

Notes
Turn   | Place    | Note
-------+----------+-------------------------------------------
     0 | D:1      | porpoise the Demonspawn Gladiator began the quest for the
                  | Orb.
     0 | D:1      | Reached XP level 1. HP: 16/16 MP: 1/1
   251 | D:1      | Gained mutation: You sometimes gain a little power by
                  | taking damage. [demonic ancestry]
   251 | D:1      | Reached XP level 2. HP: 22/22 MP: 2/2
   982 | D:2      | Gained mutation: When seriously injured, your blood forms
                  | armour. (AC +6) [demonic ancestry]
   982 | D:2      | Reached XP level 3. HP: 28/28 MP: 3/3
  1282 | D:2      | Noticed Robin
  1302 | D:2      | Killed Robin
  1662 | D:2      | Gained mutation: Your touch may inflict minor irresistible
                  | damage on your foes. [demonic ancestry]
  1662 | D:2      | Reached XP level 4. HP: 32/34 MP: 4/4
  1904 | D:3      | Found a snail-covered altar of Cheibriados.
  1915 | D:3      | Reached XP level 5. HP: 34/41 MP: 5/5
  2733 | D:4      | Reached skill level 5 in Polearms
  2733 | D:4      | Gained mutation: Your touch may inflict irresistible damage
                  | on your foes. [demonic ancestry]
  2733 | D:4      | Reached XP level 6. HP: 32/48 MP: 6/6
  2981 | D:4      | Noticed Ardargoz's ghost (weakling MiBe)
  2981 | D:4      | Noticed an ice beast
  3042 | D:4      | Found a runed translucent gate.
  3042 | D:4      | Found a runed translucent gate.
  3042 | D:4      | Found a runed translucent gate.
  3234 | D:4      | Reached XP level 7. HP: 55/55 MP: 7/7
  3419 | D:4      | Found a staircase to the Ecumenical Temple.
  3471 | Temple   | Entered the Ecumenical Temple
  3825 | Temple   | Became a worshipper of Nemelex Xobeh the Trickster
  4084 | D:5      | Entered Level 5 of the Dungeon
  4095 | D:5      | Reached skill level 1 in Invocations
  4107 | D:5      | Reached skill level 5 in Fighting
  4375 | D:5      | Reached skill level 1 in Armour
  4525 | D:5      | Gained mutation: You are partially covered in sharp spines.
                  | [demonic ancestry]
  4525 | D:5      | Reached XP level 8. HP: 59/62 MP: 8/10
  5198 | D:6      | Reached * piety under Nemelex Xobeh
  5273 | D:6      | Noticed Prince Ribbit
  5288 | D:6      | Killed Prince Ribbit
  5377 | D:6      | Received a gift from Nemelex Xobeh
  5395 | D:6      | Reached skill level 5 in Invocations
  5573 | D:6      | Gained mutation: You sometimes gain power by taking damage.
                  | [demonic ancestry]
  5573 | D:6      | Reached XP level 9. HP: 68/68 MP: 11/13
  6470 | D:7      | Reached ** piety under Nemelex Xobeh
  6661 | D:7      | Reached skill level 5 in Armour
  6667 | D:7      | Reached skill level 10 in Polearms
  7107 | D:7      | Noticed Maggie
  7125 | D:7      | Killed Maggie
  7126 | D:7      | Reached XP level 10. HP: 54/74 MP: 15/15
  7326 | D:7      | Found a bloodstained altar of Trog.
  7326 | D:7      | Found a shadowy altar of Dithmenos.
  7961 | D:8      | Received a gift from Nemelex Xobeh
  7987 | D:8      | Found an ancient bone altar of Kikubaaqudgha.
  8138 | D:8      | Noticed a two-headed ogre
  8148 | D:8      | Killed a two-headed ogre
  8286 | D:8      | Found a staircase to the Lair.
  8361 | D:8      | You fall into a shaft and drop 3 floors!
  8365 | D:10     | Entered Level 10 of the Dungeon
  8575 | D:10     | Reached *** piety under Nemelex Xobeh
  9099 | D:9      | Found an opulent altar of Gozag.
  9123 | D:9      | Noticed Harold
  9138 | D:9      | Killed Harold
  9139 | D:9      | Reached skill level 5 in Dodging
  9303 | D:9      | Received a gift from Nemelex Xobeh
  9399 | D:9      | a yak changed into a guardian serpent
  9399 | D:9      | Noticed a guardian serpent
  9399 | D:9      | a yak changed into a black mamba
  9399 | D:9      | Noticed a black mamba
  9406 | D:9      | Killed a guardian serpent
  9409 | D:9      | Killed a black mamba
  9410 | D:9      | Gained mutation: You are robust. (+10% HP) [demonic
                  | ancestry]
  9410 | D:9      | Reached XP level 11. HP: 30/88 MP: 15/18
  9772 | D:9      | Reached skill level 10 in Invocations
  9936 | D:10     | Noticed Erolcha
  9939 | D:10     | Killed Erolcha
  9942 | D:10     | Noticed Maurice
  9997 | D:9      | Killed Maurice
 10262 | D:10     | Received a gift from Nemelex Xobeh
 10602 | D:10     | Reached **** piety under Nemelex Xobeh
 10607 | D:10     | Found a staircase to the Orcish Mines.
 10697 | D:10     | Noticed Lodul
 10708 | D:10     | Killed Lodul
 11147 | D:10     | Received a gift from Nemelex Xobeh
 11384 | D:10     | Noticed a two-headed ogre
 11394 | D:10     | Killed a two-headed ogre
 11610 | Lair:1   | Entered Level 1 of the Lair of Beasts
 11616 | Lair:1   | Found a gate leading to a gauntlet.
 11734 | Gauntlet | Entered a Gauntlet
 11734 | Gauntlet | Noticed a catoblepas
 11734 | Gauntlet | Found a transporter.
 11734 | Gauntlet | Found a transporter.
 12036 | Gauntlet | Found a transporter.
 12037 | Gauntlet | Found a transporter.
 12039 | Gauntlet | Found a large runed translucent door.
 12040 | Gauntlet | Found a large runed translucent door.
 12041 | Gauntlet | Found a large runed translucent door.
 12041 | Gauntlet | Found a large runed translucent door.
 12041 | Gauntlet | Found a runed translucent door.
 12042 | Gauntlet | Found a large runed translucent door.
 12043 | Gauntlet | Found a large runed translucent door.
 12044 | Gauntlet | Found a large runed translucent door.
 12044 | Gauntlet | Found a large runed translucent door.
 12045 | Gauntlet | Found a runed translucent door.
 12046 | Gauntlet | Found a large runed translucent door.
 12046 | Gauntlet | Found a large runed translucent door.
 12046 | Gauntlet | Found a large runed translucent door.
 12046 | Gauntlet | Found a large runed translucent door.
 12047 | Gauntlet | Found a large runed translucent door.
 12047 | Gauntlet | Found a large runed translucent door.
 12048 | Gauntlet | Found a large runed translucent door.
 12048 | Gauntlet | Found a large runed translucent door.
 12055 | Gauntlet | Found a runed translucent gate.
 12055 | Gauntlet | Found a runed translucent gate.
 12055 | Gauntlet | Found a runed translucent gate.
 12057 | Gauntlet | Found a transporter.
 12061 | Gauntlet | Found a transporter.
 12063 | Gauntlet | Noticed a wizard
 12064 | Gauntlet | Noticed a wizard
 12077 | Gauntlet | Found a transporter.
 12128 | Gauntlet | Found a transporter.
 12132 | Gauntlet | Found a transporter.
 12139 | Gauntlet | Found a transporter.
 12140 | Gauntlet | Received a gift from Nemelex Xobeh
 12143 | Gauntlet | Found a transporter.
 12166 | Gauntlet | Found a transporter.
 12168 | Gauntlet | Noticed an orange crystal statue
 12268 | Gauntlet | Identified the -1 hat of a sewer {rC+ rCorr MP+9}
 12462 | Gauntlet | Identified the -2 pair of boots of Instinct {Harm rN+ Will+
                  | Int-4}
 12473 | Gauntlet | Killed a wizard
 12479 | Gauntlet | Killed a wizard
 12498 | Gauntlet | Identified the ring "Xam Muiqug" {Ice Slay+6}
 12521 | Gauntlet | Identified the +11 rapier "Jellybane" {heavy, rF+ rN+
                  | Will+}
 12521 | Gauntlet | Noticed a minotaur
 12534 | Gauntlet | Killed a minotaur
 12535 | Gauntlet | Reached XP level 12. HP: 54/100 MP: 20/20
 12675 | Gauntlet | Identified the +1 robe "Liacot" {+Inv rElec}
 12676 | Gauntlet | Got the Octavo of Obstruction
 12891 | Gauntlet | Got the Dissertation on Transfiguration
 13690 | Lair:1   | Found a blossoming altar of Fedhas.
 13704 | Lair:1   | HP: 4/101 [oklob plant/splash of acid (23)]
 15038 | Lair:2   | Found a staircase to the Snake Pit.
 15107 | Lair:2   | Found a staircase to the Shoals.
 15573 | Lair:3   | Noticed a boulder beetle
 15584 | Lair:3   | Killed a boulder beetle
 15634 | Lair:3   | Noticed Amaemon
 15649 | Lair:3   | Killed Amaemon
 15749 | Lair:3   | Reached skill level 1 in Evocations
 16047 | Lair:3   | Reached XP level 13. HP: 109/111 MP: 23/23
 16256 | Lair:3   | Noticed Gastronok
 16267 | Lair:3   | Killed Gastronok
 16268 | Lair:3   | Reached skill level 1 in Maces & Flails
 17314 | Lair:4   | Received a gift from Nemelex Xobeh
 17314 | Lair:4   | Found a staircase to the Slime Pits.
 18357 | Lair:4   | Reached skill level 5 in Maces & Flails
 19347 | D:11     | Reached skill level 5 in Evocations
 19550 | D:11     | Received a gift from Nemelex Xobeh
 20330 | D:12     | Demolished by a very large slime creature

Illustrated notes

Levels and vault maps discovered:
D:1:      minmay_arrival_solitary_statue, layout_basic, serial_bayou_lagoon_a,
          kennysheep_flooded_box, chequers_serial_rivers_small_a
D:2:      layout_basic, roderic_serpentine_path, minmay_door_square,
          nrook_mini_vaults, uniq_robin
D:3:      layout_basic, slow_altar_1, minivault_11
D:4:      layout_loops_ring, minmay_temple_entry_stoned_glass,
          gammafunk_ghost_icy, minmay_quantized
D:5:      layout_loops_corners, dreamdust_princess_corridor, kennysheep_nub
D:6:      layout_cave_pools, serial_undead, serial_undead_b, serial_undead_e,
          serial_undead_a, serial_undead_f, uniq_prince_ribbit1
D:7:      layout_layer_cave, gammafunk_temple_overflow_statue, minivault_1,
          uniq_maggie
D:8:      layout_loops_cross, kiku_gazebo_garden_becter,
          erik_lair_orcish_takeover, wad_floor_pattern_untrapped
D:9:      layout_cave_pools, mainiacjoe_overflow_six_doors_small,
          minmay_misc_feat_plants, minmay_misc_feat_columns, uniq_harold
D:10:     layout_small_grid, mainiacjoe_overflow_surrounded_room, david_orc_4,
          enter_bailey_5, uniq_erolcha, uniq_maurice, uniq_lodul
D:11:     layout_loops_cross
D:12:     layout_roguey, gammafunk_ghost_mausoleum, eino_tiny_chamber
Temple:   compressed_dpeg_triangle_lava_temple
Lair:1:   layout_hall_layers, serial_bayou, serial_bayou_ford_a,
          serial_bayou_pond_c, serial_bayou_crossing, serial_bayou_pond_c,
          gauntlet_entry_generic, hangedman_tree_tricks,
          nicolae_lair_liquid_snakes
Lair:2:   layout_roguey, minmay_shoals_entry_centaurs,
          nicolae_snake_entry_warm_welcome, special_room [special_room_bee]
Lair:3:   layout_chaotic_city, lemuel_fruit_tree, uniq_amaemon, uniq_gastronok
Lair:4:   layout_concentric_octagons, minmay_slime_entry_jelly_boxes,
          special_room [special_room_mythical_zoo]

Skill      XL: |  1  2  3  4  5  6  7  8  9 10 11 12 13 |
---------------+----------------------------------------+-----
Throwing       | 2 |  2.1
Polearms       | 3 4 5 6 7 8 10 11 13 14 | 14.0
Fighting       | 3 4 5 7 9 |  9.0
Invocations    | 2 5 7 9 11 14 | 14.0
Armour         | 1 3 5 7 |  7.0
Dodging        | 3 5 6 |  6.5
Evocations     | 1 5 |  5.0
Maces & Flails | 7 |  7.0

Action                     |  1- 3 |  4- 6 |  7- 9 | 10-12 | 13-15 || total
---------------------------+-------+-------+-------+-------+-------++-------
  Melee: Trident           |   119 |   136 |   318 |   580 |    12 ||  1165
         Touch             |       |    24 |    53 |    95 |    75 ||   247
         Punch             |       |       |     2 |     9 |     5 ||    16
         Demon whip        |       |       |       |    27 |   301 ||   328
   Fire: Sling             |       |       |    10 |    15 |       ||    25
  Throw: Throwing net      |       |       |       |     1 |       ||     1
         Dart              |       |       |       |     1 |     2 ||     3
 Invoke: Draw Destruction  |       |       |     2 |    13 |       ||    15
         Draw Summoning    |       |       |       |     3 |       ||     3
         Triple Draw       |       |       |       |     1 |     1 ||     2
         Draw Escape       |       |       |       |     1 |       ||     1
         Deal Four         |       |       |       |       |     1 ||     1
  Evoke: Wand              |       |       |       |     1 |     1 ||     2
    Use: Scroll            |       |     4 |     7 |    15 |     3 ||    29
         Potion            |       |     1 |     2 |     6 |     3 ||    12
   Stab: Sleeping          |     2 |       |       |       |     1 ||     3
         Distracted        |       |       |     1 |       |       ||     1
 Armour: Leather armour    |    10 |       |       |       |       ||    10
         Scale mail        |    41 |    67 |    69 |       |       ||   177
         Skin              |       |    28 |       |       |       ||    28
         Steam dragon scal |       |       |    41 |   198 |   105 ||   344
  Dodge: Dodged            |    40 |    46 |   126 |   325 |   157 ||   694
